← All builds
Front / Legion / Economy first / OBSERVED BUILD

Standard front

Legion Front build order · Supreme Isthmus

Builds a Legion Vehicle Plant immediately, fights with Lance and Barrage toward middle, and takes an Advanced Metal Extractor around 9:22 as the standard eco-first Front play.

#eco · 56 distinct matches · 24 players · 81% of Legion Front games · team won 58% of 59 · Recently observed

HOW TO PLAY IT

Key timing: Legion Vehicle Plant by 0:55

  1. Take mex and wind, then rush Legion Vehicle Plant immediately.
  2. Finish Legion Vehicle Plant fast to start Barrage and Lance.
  3. Send first units to the coast to stop leaks, not middle.
  4. Push Barrage and Lance to the coast line before moving to mid.
  5. Add Advanced Metal Extractor and keep mixed vehicle army flowing.

Phase by phase

TYPICAL OF ITS 56 GAMES
  1. 1
  2. 2
  3. 3
PLAY THE OPENING

Follow the example game's first 6:00 step by step: what to build now, what comes next, and where it goes. At 1× it keeps pace with your own game.

  1. 1

    Up to the Legion Vehicle Plant

    Economy
    • Metal Extractor2Mex
    • Wind Turbine1Wind
    Order
    1. Legion Vehicle PlantLegion Vehicle Plant after 2 mex, 1 winddone ~0:47, middle half 0:37–0:55

    By 0:24 in all: 2 mex · 1 wind

    The example game in this phase · 3 steps
    1. Mex ×2
    2. Wind
    3. Legion Vehicle PlantLegion Vehicle Plantdone 0:43 · typical 0:47
  2. 2

    Legion Vehicle Plant to 5:00

    Economy
    • Metal Extractor4Mex
    • Wind Turbine7Wind
    Builders
    • Legion Construction Vehicle2 Legion Construction Vehicle
    Army
    • Pharos3 Pharos
    • Wheelie3 Wheelie
    • Lance3 Lance
    • Barrage2 Barrage

    Some games also: Decurion (47%) · con turret (41%) · Radar Tower (37%)

    By 5:00 in all: 6 mex · 8 wind

    The example game in this phase · 38 steps
    1. WheelieWheelie ×2
    2. HeliosHelios
    3. Wind
    4. HeliosHelios
    5. WheelieWheelie
    6. Legion Construction VehicleLegion Construction Vehicle ×2
    7. Mex ×2
    8. Wind
    9. BarrageBarrage
    10. Wind
    11. HeliosHelios
    12. Mex
    13. Wind
    14. Mex
    15. Legion Construction VehicleLegion Construction Vehicle
    16. PharosPharos
    17. Con turret
    18. PharosPharos
    19. HeliosHelios ×2
    20. Wind
    21. HeliosHelios
    22. Wind ×2
    23. Energy storage
    24. HeliosHelios
    25. Mex
    26. Wind
    27. Mexfor Suicide front
    28. HeliosHelios
    29. Wind
    30. HeliosHelios
    31. Wind
    32. PharosPharos
    33. HeliosHelios
    34. Wind ×2
    35. Con turret
    36. Solar ×2
    37. Wind
    38. HeliosHelios
  3. 3

    5:00 to 10:00

    Economy
    • Metal Extractor1Mex
    • Wind Turbine17Wind
    Builders
    • Construction Turret1 Con turret
    Army
    • Pharos2 Pharos
    • Lance3 Lance

    Some games also: Decurion (46%) · Legion Construction Vehicle (46%) · energy storage (42%) · Radar Tower (41%) · Barrage (39%)

    By 10:00 in all: 7 mex · 24 wind · 1 energy storage · 2 con turret

    The example game in this phase · 182 steps
    1. Mexfor Suicide front
    2. Wind
    3. HeliosHelios
    4. Wind
    5. PharosPharos
    6. HeliosHelios
    7. Wind ×2
    8. HeliosHelios
    9. Wind
    10. HeliosHelios
    11. Wind ×2
    12. HeliosHelios
    13. Wind
    14. Con turret
    15. Radar TowerRadar Tower
    16. Wind ×2
    17. HeliosHelios
    18. PharosPharos
    19. Wind ×2
    20. HeliosHelios
    21. Wind
    22. HeliosHelios
    23. Wind
    24. HeliosHelios
    25. Wind
    26. PharosPharos
    27. Wind
    28. Mex
    29. HeliosHelios
    30. Wind
    31. HeliosHelios
    32. CacophonyCacophony
    33. Wind
    34. HeliosHelios
    35. Wind
    36. HeliosHelios
    37. Wind
    38. HeliosHelios
    39. Wind
    40. HeliosHelios
    41. PharosPharos
    42. Wind
    43. Dragon's JawDragon's Jaw
    44. Wind
    45. HeliosHelios
    46. Wind
    47. HeliosHelios
    48. Wind
    49. HeliosHelios
    50. Wind ×3
    51. HeliosHelios
    52. Wind ×2
    53. HeliosHelios
    54. Wind
    55. HeliosHelios
    56. PharosPharos
    57. Wind ×2
    58. HeliosHelios ×2
    59. Wind
    60. PharosPharos
    61. Radar TowerRadar Tower
    62. Wind
    63. HeliosHelios
    64. Wind ×2
    65. HeliosHelios
    66. PharosPharos
    67. Wind ×2
    68. HeliosHelios
    69. Wind
    70. HeliosHelios
    71. Wind ×2
    72. Con turret
    73. PharosPharos
    74. HeliosHelios
    75. Wind
    76. PharosPharos
    77. HeliosHelios
    78. Wind
    79. Legion Construction VehicleLegion Construction Vehicle
    80. Converter
    81. HeliosHelios
    82. Wind
    83. Con turret
    84. Advanced Metal ExtractorT2 mexdone 10:27
    85. PharosPharos
    86. Con turret
    87. Wind ×2
    88. PharosPharos
    89. Converter ×3
    90. Con turret
    91. NyxNyx
    92. Con turret
    93. Wind ×2
    94. Advanced Metal ExtractorT2 mex
    95. Wind ×3
    96. BrambleBramble
    97. Wind ×2
    98. BrambleBramble
    99. NyxNyx
    100. Wind
    101. BrambleBramble
    102. Wind ×2
    103. HeliosHelios ×2
    104. Wind ×2
    105. Advanced Metal ExtractorT2 mex
    106. HeliosHelios
    107. Wind ×4
    108. HeliosHelios
    109. Wind
    110. NyxNyx
    111. Wind
    112. HeliosHelios
    113. Wind
    114. HeliosHelios
    115. Wind ×2
    116. HeliosHelios
    117. Wind
    118. Advanced Metal ExtractorT2 mex
    119. Wind
    120. HeliosHelios
    121. Wind
    122. HeliosHelios
    123. Wind
    124. NyxNyx
    125. HeliosHelios
    126. Con turret
    127. Wind ×2
    128. HeliosHelios
    129. AlarisAlaris
    130. Wind
    131. AlarisAlaris ×2
    132. Wind
    133. CetusCetus
    134. Wind ×2
    135. CetusCetus
    136. Wind ×2
    137. CetusCetus
    138. Wind ×2
    139. CetusCetus
    140. Wind ×2
    141. Legion Construction VehicleLegion Construction Vehicle
    142. Wind
    143. CetusCetus
    144. Wind
    145. CetusCetus
    146. Wind ×2
    147. Con turret
    148. NyxNyx
    149. AlarisAlaris ×2
    150. Wind
    151. AlarisAlaris
    152. Wind
    153. AlarisAlaris ×3
    154. Advanced Metal ExtractorT2 mex
    155. Wind
    156. AlarisAlaris
    157. Wind
    158. AlarisAlaris
    159. Wind
    160. Con turret
    161. AlarisAlaris ×2
    162. Wind
    163. AlarisAlaris ×3
    164. Con turret
    165. Wind
    166. AlarisAlaris ×2
    167. ShipyardShipyarddone 14:18
    168. AlarisAlaris ×4
    169. KeteaSubmarine
    170. AlarisAlaris ×4
    171. KeteaSubmarine
    172. AlarisAlaris
    173. Converter
    174. AlarisAlaris ×3
    175. Converter
    176. KeteaSubmarine
    177. AlarisAlaris ×2
    178. Converter
    179. AlarisAlaris ×2
    180. KeteaSubmarine
    181. Converter
    182. AlarisAlaris ×3

Counts are medians over the build's games: half of them build more, half fewer. The example game is Hannodins's (37 OS, 11/09/2026); pick another.

Team trades

IN AT LEAST 30% OF ITS GAMES

You hand over

Nothing regular.

You get

  • Tidal Generator4 Tidal from Pondfirst at 0:15 · in 39% of games
  • Tidal Generator4 Tidal from Pondfirst at 0:17 · in 34% of games
  • Advanced Construction Bot1 T2 con bot from Geo or Techfirst at 7:21 · in 46% of games

How it plays out

Typical game of this build, running totals by minute

Metal produced

010k20k30k
0:005:0010:0015:00

metal

Enemy metal destroyed

02.5k5k7.5k
0:005:0010:0015:00

metal

Own metal lost

05k10k
0:005:0010:0015:00

metal

59 games.

Show as table
ByMetal produced: This buildEnemy metal destroyed: This buildOwn metal lost: This build
1:0033000
2:008382123
3:0016389369
4:002737275204
5:003791660400
6:0049471490930
7:00609523701439
8:00734930131961
9:00889037552931
10:001041143813770
11:001252947474213
12:001457657794939
13:001624661086040
14:001891267966680
15:002093572128266
WHAT THE NUMBERS SAY

Standard front play, won more often than the other front position's economy-first build with less metal produced.

  • + Won 59% of games despite producing less metal than Geo sea's build.
  • − Loses more metal early than it destroys (333 lost vs 602 destroyed by 5:00 is the only positive window).
THE EXAMPLE YOU ARE READING

Hannodins

36.5 OS · 11/09/2026

Open source match ↗

5 received units · includes a constructor
972 metal received · 49713 energy received

Allied construction assistance is unknown. Timings are observations, not a promise of solo reproducibility.

Typical milestones

Legion Vehicle Plant0:47Middle 50%: 0:37–0:55 · n=42
Advanced Metal Extractor9:13Middle 50%: 8:38–10:20 · n=39

Played most by

Hummell13games of this buildXuunnY8games of this buildXXMACGAMERXX5games of this build[Crd]Atlas4games of this buildTheGeneraI3games of this build